 Dungeon Crawl Stone Soup version 0.30-a0-578-gdee14c521f (webtiles) character file.

Game seed: 18014032753705841087

536 jfcaron the Trooper (level 7, -3/61 HPs)
             Began as a Hill Orc Hunter on Dec 31, 2022.
             Slain by Menkaure (10 damage)
             ... on level 4 of the Dungeon.
             The game lasted 00:09:05 (4035 turns).

jfcaron the Trooper (Hill Orc Hunter)               Turns: 4035, Time: 00:09:05

Health: -3/61      AC: 10    Str: 16    XL:     7   Next: 25%
Magic:  7/7        EV: 10    Int:  9    God:
Gold:   108        SH:  0    Dex: 14    Spells: 6/6 levels left

rFire   . . .      SeeInvis .    a - +0 shortbow
rCold   . . .      Faith    .    (shield currently unavailable)
rNeg    . . .      Spirit   .    q - +0 scale mail
rPois   .          Reflect  .    (no helmet)
rElec   .          Harm     .    (no cloak)
rCorr   .          Rampage  .    x - +0 pair of gloves
Will    .....                    m - +1 pair of boots Stlth
                                 (no amulet)
HPRegen 0.30/turn                (no ring)
MPRegen 0.10/turn                (no ring)

@: no status effects
A: no striking features
a: no special abilities


You were on level 4 of the Dungeon.
You visited 1 branch of the dungeon, and saw 4 of its levels.

You collected 108 gold pieces.

Inventory:

Hand Weapons
 a - a +0 shortbow (weapon)
 b - a +1 dagger of venom
   (You found it on level 1 of the Dungeon)
 r - a +0 morningstar
Missiles
 k - 2 javelins
 l - 30 stones
 n - 6 boomerangs
Armour
 c - a +0 leather armour
 j - a +0 ring mail
 m - a +1 pair of boots (worn)
 q - a +0 scale mail (worn)
 u - the +0 leather armour of Distant Worlds {Regen+ Str+2}
   (You found it on level 2 of the Dungeon)

   Str:       It affects your strength (+2).
   Regen:     It increases your rate of health regeneration.
 x - a +0 pair of gloves (worn)
Magical Staves
 v - a staff of cold
   (You found it on level 2 of the Dungeon)
 A - a staff of poison
   (You took it off an orc on level 3 of the Dungeon)
Wands
 i - a wand of light (3)
 w - a wand of polymorph (7)
Scrolls
 d - 2 scrolls of enchant armour
 f - 3 scrolls of teleportation
 g - a scroll of immolation
 t - a scroll of vulnerability
Potions
 e - a potion of flight
 o - a potion of cancellation
 p - a potion of magic
 z - a potion of degeneration


   Skills:
 + Level 5.3 Fighting
 + Level 5.1 Axes
 - Level 4.0 Ranged Weapons
 + Level 4.2 Armour
 - Level 2.0 Dodging
 - Level 1.0 Stealth


You had 6 spell levels left.
You didn't know any spells.
Your spell library contained the following spells:

 Spells                   Type           Power      Damage    Failure   Level
 Summon Small Mammal      Summ           0%         N/A       80%         1
 Call Canine Familiar     Summ           0%         N/A       99%         3
 Summon Guardian Golem    Hex/Summ       0%         N/A       99%         3


Dungeon Overview and Level Annotations

Branches:
Dungeon (4/15)
 Temple: D:4-7

Altars:
Trog

Annotations:
D:4 Menkaure


Message History

Menkaure hits you but does no damage.
Fire: a) +0 shortbow
Press: ? - help, Q - select action, (/) - cycle Shift-Dir - straight line, f/p - Menkaure
Aim: Menkaure (heavily damaged, 77% to hit)
You shoot an arrow. The arrow hits Menkaure.
Menkaure is heavily damaged.
Menkaure hits you but does no damage.
Fire: a) +0 shortbow
Press: ? - help, Q - select action, (/) - cycle Shift-Dir - straight line, f/p - Menkaure
Aim: Menkaure (heavily damaged, 77% to hit)
You shoot an arrow. The arrow hits Menkaure.
Menkaure is severely damaged.
Menkaure barely misses you.
Fire: a) +0 shortbow
Press: ? - help, Q - select action, (/) - cycle Shift-Dir - straight line, f/p - Menkaure
Aim: Menkaure (severely damaged, 77% to hit)
You shoot an arrow. The arrow hits Menkaure.
Menkaure is severely damaged.
Menkaure mumbles some strange words.
Menkaure seems to speed up.
Fire: a) +0 shortbow
Press: ? - help, Q - select action, (/) - cycle Shift-Dir - straight line, f/p - Menkaure
Aim: Menkaure (severely damaged, fast, 77% to hit)
You shoot an arrow. The arrow hits Menkaure.
Menkaure is almost destroyed.
Menkaure closely misses you.
Menkaure calls on the powers of darkness!
Your body is wracked with pain!
* * * LOW HITPOINT WARNING * * *
Fire: a) +0 shortbow
Press: ? - help, Q - select action, (/) - cycle Shift-Dir - straight line, f/p - Menkaure
Aim: Menkaure (almost destroyed, fast, 77% to hit)
You shoot an arrow. The arrow hits Menkaure.
Menkaure is almost destroyed.
Menkaure calls on the powers of darkness!
Your body is wracked with pain!
* * * LOW HITPOINT WARNING * * *
Menkaure forgets how to speak, silenced by the ages.
Menkaure hits you!
You die...

........^.....................#..
.#........................#......
.#..#...#.#.##.#...#..##.##.....#
.#..........##.#............#.###
##......######.#...#.######.#....
#####.## #.#...#.# #.#####
#.#######.#...#.# #.#####
######.#.............# #......
.......#..####.#@M.### #######
########..####.#.###### #
#...........>..# #
#..####.#.####.# # #.......#.#
#.# #.......#.####.#######
#....##......#.......#
####.##.#.##.#######.#
#.##.#..#.# #.#


You could see Menkaure (fast).

Vanquished Creatures
  An ice beast (D:4)
  Blork the orc (D:4)
  2 scorpions (D:4)
  Terence (D:2)
  Natasha (thrice) (D:2)
  An orc wizard (D:3)
  3 gnolls (D:2)
  4 adders
  A worm (D:3)
  7 dart slugs
  3 orcs (D:3)
  5 ball pythons
  3 bats
  3 endoplasms
  2 giant cockroaches
  5 hobgoblins
  3 jackals (D:4)
  4 quokkas
  5 frilled lizards
  3 goblins
  A kobold (D:1)
  A rat (D:2)
62 creatures vanquished.

Notes
Turn   | Place    | Note
-------+----------+-------------------------------------------
     0 | D:1      | jfcaron the Hill Orc Hunter began the quest for the Orb.
     0 | D:1      | Reached XP level 1. HP: 18/18 MP: 1/1
    79 | D:1      | Reached skill level 1 in Stealth
    79 | D:1      | Reached XP level 2. HP: 25/25 MP: 2/2
   197 | D:1      | Reached skill level 1 in Axes
   488 | D:2      | Reached skill level 1 in Armour
   488 | D:2      | Reached XP level 3. HP: 30/30 MP: 3/3
   520 | D:2      | Noticed Terence
   530 | D:2      | Killed Terence
   642 | D:2      | Reached XP level 4. HP: 38/38 MP: 4/4
   977 | D:2      | Noticed Natasha
   995 | D:2      | HP: 6/38 [Natasha/magic dart (8)]
  1212 | D:2      | Killed Natasha
  1283 | D:2      | Noticed Natasha
  1290 | D:2      | Killed Natasha
  1291 | D:2      | Reached XP level 5. HP: 25/46 MP: 5/5
  1458 | D:2      | Identified the +0 leather armour of Distant Worlds {Regen+
                  | Str+2}
  2270 | D:2      | Noticed Natasha
  2278 | D:2      | Killed Natasha
  2725 | D:3      | Found a faded altar of an unknown god.
  2816 | D:3      | Reached XP level 6. HP: 50/53 MP: 6/6
  3179 | D:4      | Noticed Blork the orc
  3193 | D:4      | Killed Blork the orc
  3257 | D:4      | Found a bloodstained altar of Trog.
  3353 | D:4      | Reached skill level 5 in Fighting
  3353 | D:4      | Reached XP level 7. HP: 42/61 MP: 7/7
  3653 | D:4      | Reached skill level 5 in Axes
  3830 | D:4      | Noticed Menkaure
  3843 | D:4      | HP: 12/61 [??? (10)]
  4034 | D:4      | HP: 12/61 [??? (9)]
  4035 | D:4      | Slain by Menkaure

Illustrated notes

Levels and vault maps discovered:
D:1:      mrwooster_arrival_arrow, layout_rooms
D:2:      layout_basic, uniq_terence, uniq_natasha
D:3:      layout_basic, hellmonk_ecumenical_altar_pennies_from_heaven
D:4:      layout_loops_cross, trog_book, uniq_blork_the_orc, uniq_menkaure

Skill      XL: |  1  2  3  4  5  6  7 |
---------------+----------------------+-----
Stealth        | 1 |  1.0
Axes           | 1 2 3 4 5 |  5.1
Armour         | 1 2 3 4 |  4.2
Fighting       | 3 4 5 |  5.3
Dodging        | 2 |  2.0
Ranged Weapons | 4 |  4.0

Action                   |  1- 3 |  4- 6 |  7- 9 || total
-------------------------+-------+-------+-------++-------
Melee: Dagger            |    20 |    68 |       ||    88
       Unarmed           |       |     9 |       ||     9
       Staff             |       |       |    38 ||    38
       Morningstar       |       |       |     2 ||     2
       Punch             |       |       |     1 ||     1
 Fire: Shortbow          |    65 |   110 |    26 ||   201
  Use: Potion            |       |     1 |     2 ||     3
       Scroll            |       |    10 |     3 ||    13
Armor: Leather armour    |    11 |       |       ||    11
       Ring mail         |     4 |       |       ||     4
       Scale mail        |     2 |    43 |    37 ||    82
       Skin              |       |     3 |       ||     3
Dodge: Dodged            |    40 |    69 |    22 ||   131

Table legend: (Time is in decaauts)
 A = Elapsed time spent in this place.
 B = Non-inter-level travel time spent in this place.
 C = Inter-level travel time spent in this place.
 D = Time resting spent in this place.
 E = Time spent auto-exploring this place.
 F = Levels seen in this place.
 G = Mean time per level.
                   A        B        C        D        E       F      G
               +--------+--------+--------+--------+--------+-----+--------+
         Total |   4101 |   3880 |    221 |    454 |   2737 |   4 | 1025.2 |
       Dungeon |   4101 |   3880 |    221 |    454 |   2737 |   4 | 1025.2 |
               +--------+--------+--------+--------+--------+-----+--------+

Top non-repeatable levels by time:
     D:2: 1816 daAuts
     D:4: 872 daAuts
     D:3: 818 daAuts
     D:1: 594 daAuts

Table legend:
 A = Kills in this place as a percentage of kills in entire the game.
 B = Kills by you in this place as a percentage of kills by you in the entire game.
 C = Kills by friends in this place as a percentage of kills by friends in the entire game.
 D = Other kills in this place as a percentage of other kills in the entire game.
 E = Experience gained in this place as a percentage of experience gained in the entire game.
 F = Experience gained in this place divided by the number of levels of this place that you have seen.
                   A       B       C       D       E      F
               +-------+-------+-------+-------+-------+----------------------
         Total | 100.0 | 100.0 |   N/A |   N/A | 100.0 | 191.5
       Dungeon | 100.0 | 100.0 |   N/A |   N/A | 100.0 | 191.5
               +-------+-------+-------+-------+-------+----------------------
